 Dungeon Crawl Stone Soup version 0.28.0-45-g0d030f2227 (webtiles) character file.

Game seed: 3306710568465889273

52 RascalDebosk the Skirmisher (level 3, -1/31 HPs)
             Began as a Palentonga Fighter on Apr 17, 2022.
             Succumbed to Crazy Yiuf's poison
             ... on level 2 of the Dungeon.
             The game lasted 00:08:26 (1270 turns).

RascalDebosk the Skirmisher (Palentonga Fighter)    Turns: 1270, Time: 00:08:27

Health: -1/31      AC:  9    Str: 21    XL:     3   Next: 60%
Magic:  3/3        EV:  8    Int:  8    God:
Gold:   63         SH:  4    Dex:  9    Spells: 2/2 levels left

rFire   . . .      SeeInvis +   a - +0 war axe
rCold   . . .      Faith    .   c - +0 buckler
rNeg    . . .      Spirit   .   g - +0 plate armour
rPois   .          Reflect  .   (no helmet)
rElec   .          Harm     .   (no cloak)
rCorr   .          Rampage  .   (no gloves)
Will    .....                   (no barding)
Stlth   ..........              (no amulet)
HPRegen 0.10/turn               (no ring)
MPRegen 0.08/turn               (no ring)

@: agile, lethally poisoned (-1 -> -9), attractive
A: large, rugged brown scales 3, see invisible, deformed body, roll 1, armoured
tail
a: Rolling Charge


You were on level 2 of the Dungeon.
You visited 1 branch of the dungeon, and saw 2 of its levels.

You collected 63 gold pieces.

Inventory:

Hand Weapons
 a - a +0 war axe (weapon)
Armour
 c - a +0 buckler (worn)
 g - a +0 plate armour (worn)
Scrolls
 h - a scroll of holy word {unknown}
 i - a scroll of fear {unknown}
Potions
 b - a potion of curing {unknown}
 d - a potion of might
 e - a potion of ambrosia {unknown}
 f - a potion of attraction


   Skills:
 + Level 3.3 Fighting
 + Level 2.4 Axes
 + Level 0.8 Throwing
 + Level 2.6 Armour
 + Level 2.6 Shields
 + Level 0.9 Evocations


You had 2 spell levels left.
You didn't know any spells.
Your spell library was empty.

Dungeon Overview and Level Annotations

Branches:
Dungeon (2/15)

Altars:

Annotations:
D:2 Crazy Yiuf


Innate Abilities, Weirdness & Mutations

You are completely covered in rugged brown scales. (AC +3, +7% HP)
You have supernaturally acute eyesight. (SInv)
Armour fits poorly on your strangely shaped body.
You can roll at nearby foes to attack.
You have a long armoured tail.


Message History

No target in view!
You open the door.
You see here a +0 mace.
Found a mace.
Found a runed translucent door.
Crazy Yiuf shouts!
You start resting.
Crazy Yiuf laughs, "Shower fast tired!"
HP restored.
You open the door. You hit Crazy Yiuf but do no damage.
You tail-slap Crazy Yiuf.
Crazy Yiuf is lightly wounded.
Crazy Yiuf hits you but does no damage.
Crazy Yiuf says, "Prologue!
Rifle light alas."
Crazy Yiuf hits you with a +3 quarterstaff of chaos.
You feel agile all of a sudden.
You hit Crazy Yiuf but do no damage.
Crazy Yiuf is lightly wounded.
Crazy Yiuf whimpers, "Key!
Mugger down high."
Crazy Yiuf barely misses you.
You barely miss Crazy Yiuf. You tail-slap Crazy Yiuf!
Crazy Yiuf is heavily wounded.
Crazy Yiuf hits you with a +3 quarterstaff of chaos.
You are poisoned.
Crazy Yiuf hits you but does no damage.
You are more poisoned.
You barely miss Crazy Yiuf.
Crazy Yiuf is heavily wounded.
You feel very sick.
Crazy Yiuf hits you with a +3 quarterstaff of chaos!
Crazy Yiuf freezes you.
You hit Crazy Yiuf.
Crazy Yiuf is heavily wounded.
You feel very sick.
Crazy Yiuf hits you with a +3 quarterstaff of chaos!
* * * LOW HITPOINT WARNING * * *
Crazy Yiuf burns you.
* * * LOW HITPOINT WARNING * * *
It was a potion of attraction.
You feel attractive to monsters.
You die...

#...............#
#.#############.#
##### #.# ... ..)..
#.# ##### ### #####
#.# #..)# #.# #...#
#.# ... #.# #g# #.#
♣♣@♣ ###### #.# ♣.♣♣
...... #.# ♣♣.♣ ......
##.### ♣.♣♣ ......
#....# ♣♣.♣♣
....#...... ##.###
♣...♣♣ ........... #.#
♣.)).♣ ........... #.#
#'..+# ........... #.#
###)...####.....######


You could see Crazy Yiuf.

Vanquished Creatures
  Terence (D:2)
  A dart slug (D:1)
  5 ball pythons
  A bat (D:1)
  2 endoplasms (D:1)
  3 goblins (D:1)
  2 hobgoblins
  4 kobolds
  A quokka (D:1)
  2 frilled lizards (D:1)
  4 rats
26 creatures vanquished.

Notes
Turn   | Place    | Note
-------+----------+-------------------------------------------
     0 | D:1      | RascalDebosk the Palentonga Fighter began the quest for the
                  | Orb.
     0 | D:1      | Reached XP level 1. HP: 19/19 MP: 1/1
   331 | D:1      | Reached XP level 2. HP: 21/25 MP: 2/2
   973 | D:2      | Noticed Terence
   978 | D:2      | Killed Terence
   979 | D:2      | Reached XP level 3. HP: 23/31 MP: 3/3
  1242 | D:2      | Found a runed translucent door.
  1243 | D:2      | Noticed Crazy Yiuf
  1269 | D:2      | HP: 1/31 [Crazy Yiuf/+3 quarterstaff of chaos (3)]
  1270 | D:2      | Succumbed to Crazy Yiuf's poison

Illustrated notes

Levels and vault maps discovered:
D:1:      lemuel_arrival_behind_the_door_small, layout_loops_corners,
          st_stairs_2
D:2:      layout_basic, uniq_crazy_yiuf_cottage, uniq_terence

Action                   || total
-------------------------++-------
Melee: War axe           ||    66
       Tailslap          ||    10
 Abil: Rolling Charge    ||    10
  Use: Potion            ||     1
Armor: Chain mail        ||    28
       Plate armour      ||    13
Dodge: Dodged            ||    12
Block: Buckler           ||    10
